cohdb
Replays
Latest Replays
All Replays
Popular Replays
Top Player Replays
Match Explorer
How It Works
Community
CoH3 Stats
Reddit
Sign in to upload your games and track your stats! →
Sign in with Steam
Match 45917849
Unlisted
Match 45917849
Overview
Messages
Build Orders
End
Panzergrenadier Squad
Selects Italian Infantry
250 Light Carrier
Construct Light Support Kompanie
Panzerjäger Squad
Selects Defensive Operations
2.5-tonne Medical Truck
Construct Mechanized Kompanie
Assault Grenadier Squad
Selects Guastatori Squad
Selects L6/40 Light Tank Combat Group
L6/40 Light Tank Combat Group
L6/40 Light Tank Combat Group
Selects Towed Cannone da 105/28 Field Howitzer
miesmenes121
Hot Dog 7
achingcurve57
路过的玩家
Nefertiti
Leo Nev
Bluejacket
Field marshal Prince
0
0
Comments
sign in to comment!
No comments posted yet!